AoeStats
← xNightWolfx5935

Black Forest

503496500Analyzed
4v4 RM · 1mo ago on Aug 31, 2026· 48m 59s· 8 players
Game mode
Random Map
Map size
Large (8 player)
Population
200
Speed
Normal
Resources
Standard
Victory
Conquest
Starting age
Dark Age
Ending age
Imperial Age
RankedLock teamsTeams togetherTeam positionsShared explorationLock speedFull tech treeHidden civsTurbo modeCheats
Victory
Defeat
🇺🇸 Turks · United States
1031
+11
🇺🇸 Huns · United States
984
+13
959
+14
🇲🇽 Cumans · Mexico
955
+14
🇩🇪 Goths · Germany
995
-17
🇺🇸 Britons · United States
945
-14
🇨🇭 Shu · Switzerland
924
-13
🇺🇸 Khmer · United States
817
-9
Thorin escudo de Roble
9:40 Feudal Age
15:40 Castle Age
13:57 Double-Bit Axe
16:00 Wheelbarrow
16:39 Stone Mining
20:52 Horse Collar
22:24 Gold Mining
24:15 Gold Shaft Mining
23:48 Grand Trunk Road
24:22 Bow Saw
24:42 Heavy Plow
29:17 Imperial Age
27:14 Hand Cart
28:08 Fletching
28:24 Scale Barding Armor
28:43 Bloodlines
28:34 Husbandry
29:56 Chain Barding Armor
29:48 Forging
30:20 Conscription
29:30 Heavy Camel Rider
30:44 Bodkin Arrow
31:29 Iron Casting
32:22 Bracer
33:00 Plate Barding Armor
33:34 Blast Furnace
33:48 Chemistry
33:10 Ballistics
33:53 Imperial Camel Rider
35:43 Siege Engineers
35:52 Thumb Ring
48:35 Shatagni
The Lemons
0:38 Loom
13:58 Feudal Age
14:44 Double-Bit Axe
14:51 Gold Mining
16:05 Wheelbarrow
18:53 Horse Collar
23:23 Castle Age
24:14 Bloodlines
24:10 Stone Mining
25:46 Husbandry
26:27 Bow Saw
26:31 Heavy Plow
31:46 Ballistics
32:27 Hand Cart
35:11 Imperial Age
34:23 Gold Shaft Mining
33:56 Caravan
33:56 Fletching
34:28 Padded Archer Armor
34:49 Bodkin Arrow
35:58 Thumb Ring
36:13 Masonry
36:36 Leather Archer Armor
37:23 Parthian Tactics
36:28 Heavy Cavalry Archer
39:11 Conscription
39:58 Chemistry
39:13 Bracer
39:01 Town Watch
42:23 Two-Man Saw
42:00 Elite Skirmisher
45:07 Scale Barding Armor
45:13 Forging
47:00 Chain Barding Armor
47:15 Iron Casting
46:06 Elite Tarkan
DSLG | el_manco
0:38 Loom
15:11 Feudal Age
19:47 Castle Age
18:09 Double-Bit Axe
28:08 Horse Collar
28:42 Bow Saw
28:32 Elite Skirmisher
29:51 Fletching
34:30 Imperial Age
32:38 Wheelbarrow
33:23 Bodkin Arrow
33:29 Padded Archer Armor
33:35 Scale Barding Armor
33:41 Forging
33:36 Fishing Lines
34:29 Hand Cart
34:00 Town Watch
35:00 Thumb Ring
37:19 Parthian Tactics
37:32 Heavy Cavalry Archer
38:48 Conscription
40:25 Two-Man Saw
39:18 Gold Mining
39:18 Stone Mining
39:26 Gillnets
42:24 Leather Archer Armor
42:45 Iron Casting
42:30 Chain Barding Armor
41:35 Light Cavalry
42:26 Bloodlines
42:54 Gold Shaft Mining
43:04 Hussar
45:31 Ballistics
46:11 Chemistry
46:21 Blast Furnace
45:57 Plate Barding Armor
45:53 Ring Archer Armor
NoLawsClaws
8:08 Loom
12:55 Feudal Age
13:45 Double-Bit Axe
14:35 Gold Mining
22:05 Castle Age
26:28 Bow Saw
27:28 Ballistics
27:21 Fortified Wall
27:32 Ballistics
28:07 Gold Shaft Mining
28:39 Stone Mining
29:39 Wheelbarrow
33:20 Imperial Age
31:15 Fletching
32:00 Fishing Lines
33:06 Bodkin Arrow
33:09 Murder Holes
33:42 Hand Cart
33:37 Caravan
34:12 Coinage
34:44 Horse Collar
36:23 Two-Man Saw
35:46 Conscription
36:31 Thumb Ring
37:43 Guilds
40:09 Bracer
42:31 Forging
42:26 Scale Barding Armor
43:44 Banking
DryDOM511
0:33 Loom
12:52 Feudal Age
22:19 Castle Age
20:35 Fletching
21:25 Padded Archer Armor
21:28 Double-Bit Axe
23:11 Horse Collar
23:54 Bow Saw
31:25 Pikeman
32:08 Scale Mail Armor
33:52 Fortified Wall
34:55 Heavy Plow
38:14 Imperial Age
36:30 Yeomen
36:47 Chain Mail Armor
36:49 Masonry
37:07 Bodkin Arrow
38:21 Halberdier
xNightWolfx5935
1:39 Loom
14:05 Feudal Age
15:44 Wheelbarrow
15:00 Double-Bit Axe
15:25 Gold Mining
16:38 Horse Collar
26:21 Castle Age
25:25 Stone Mining
29:00 Heavy Plow
29:11 Bow Saw
29:40 Gold Shaft Mining
29:40 Stone Shaft Mining
29:38 Hand Cart
30:27 Caravan
30:58 Coinage
33:43 Murder Holes
34:09 Ballistics
39:59 Imperial Age
38:39 Bloodlines
38:30 Husbandry
38:45 Tusk Swords
the naked man
0:32 Loom
15:16 Feudal Age
16:18 Double-Bit Axe
16:38 Horse Collar
22:29 Gold Mining
22:30 Stone Mining
25:26 Castle Age
27:10 Wheelbarrow
26:22 Town Watch
27:23 Heavy Plow
27:36 Bow Saw
28:03 Gold Shaft Mining
27:21 Fletching
27:31 Padded Archer Armor
26:57 Crossbowman
27:42 Thumb Ring
30:55 Hand Cart
35:44 Elite Skirmisher
37:43 Caravan
40:41 Imperial Age
38:17 Town Patrol
38:30 Masonry
38:16 Murder Holes
38:42 Ballistics
38:32 Fortified Wall
38:36 Forging
38:26 Scale Mail Armor
38:22 Bodkin Arrow
38:42 Leather Archer Armor
39:09 Coiled Serpent Array
39:39 Scale Barding Armor
40:14 Gambesons
40:29 Squires
40:16 Arson
39:51 Pikeman
40:52 Chain Mail Armor
41:04 Chain Barding Armor
43:08 Bracer
43:38 Ring Archer Armor
42:38 Elite White Feather Guard
43:54 Hoardings
43:20 Bolt Magazine
43:41 Conscription
43:09 Arbalester
44:00 Siege Engineers
45:17 Chemistry
44:56 Plate Mail Armor
Hoodie Melo
9:57 Loom
11:42 Feudal Age
12:32 Double-Bit Axe
12:39 Gold Mining
12:25 Man-at-Arms
13:04 Horse Collar
15:14 Scale Mail Armor
16:00 Forging
19:53 Wheelbarrow
24:01 Castle Age
25:08 Hand Cart
24:17 Long Swordsman
25:16 Chain Mail Armor
25:36 Iron Casting
25:09 Squires
26:15 Heavy Plow
26:26 Bow Saw
26:48 Town Watch
33:56 Imperial Age
31:33 Stone Mining
33:54 Stone Shaft Mining
33:57 Ballistics
33:47 Masonry
33:59 Caravan
35:43 Blast Furnace
34:35 Fletching
35:52 Chemistry
34:42 Two-Handed Swordsman
34:45 Pikeman
35:20 Capped Ram
37:22 Conscription
37:08 Perfusion
37:40 Fletching
37:57 Anarchy
37:52 Champion
40:33 Two-Man Saw
40:16 Halberdier
42:16 Elite Huskarl
Connection lost

Rejoining the realm…

Still unreachable

The connection could not be restored.

Session expired

The server has moved on; the page needs a fresh start.